 Dungeon Crawl Stone Soup version 0.29-a0-323-g050149af67 (webtiles) character file.

Game seed: 12842838124468236830

85628 siradein the Carver (level 15, -1/84 HPs)
             Began as a Vine Stalker Berserker on Apr 12, 2022.
             Was a High Priest of Trog.
             Killed by divine providence
             ... invoked by an orc priest
              (7 damage)
             ... on level 1 of the Orcish Mines.
             The game lasted 01:56:19 (22621 turns).

siradein the Carver (Vine Stalker Berserker)       Turns: 22621, Time: 01:56:20

Health: -1/84      AC: 31    Str: 22    XL:     15   Next: 84%
Magic:  0/21       EV: 21    Int:  7    God:    Trog [*****.]
Gold:   2607       SH:  0    Dex: 23    Spells: 14/14 levels left

rFire   . . .      SeeInvis .   V - +9 triple sword (protect)
rCold   . . .      Faith    .   (shield currently unavailable)
rNeg    . . .      Spirit   +   x - +1 plate armour {Will+}
rPois   .          Reflect  .   T - +2 hat
rElec   .          Harm     .   H - +0 cloak
rCorr   .          Rampage  .   l - +2 pair of gloves
Will    ++++.                   W - +0 pair of boots
Stlth   ..........              s - amulet of magic regeneration
HPRegen 2.04/turn               g - +4 ring of evasion
MPRegen 0.57/turn               y - +4 ring of evasion

@: strong-willed, under a protective aura, on berserk cooldown, regenerating,
slowed, very slow
A: fangs 3, regeneration 1, magic shield, antimagic bite, no potion heal 2,
hooves 1, agile 2
a: Renounce Religion, Berserk, Trog's Hand, Brothers in Arms


You were on level 1 of the Orcish Mines.
You worshipped Trog.
Trog was extremely pleased with you.
You visited 3 branches of the dungeon, and saw 20 of its levels.
You also visited: Sewer and Volcano.

You collected 3163 gold pieces.
You spent 556 gold pieces at shops.

Inventory:

Hand Weapons
 r - the +8 great sword "Geasaat" {vorpal, Dex+4}
   (Trog gifted it to you on level 4 of the Lair of Beasts)

   It inflicts extra damage upon your enemies.
   Dex:       It affects your dexterity (+4).
 M - a +2 rapier of electrocution
 V - a +9 triple sword of protection (weapon)
Missiles
 t - 3 curare-tipped darts
 Y - 4 throwing nets
Armour
 l - a +2 pair of gloves (worn)
 x - a +1 plate armour of willpower (worn)
 H - a +0 cloak (worn)
 T - a +2 hat (worn)
 W - a +0 pair of boots (worn)
Jewellery
 g - a +4 ring of evasion (left hand)
 q - a ring of poison resistance
 s - an amulet of magic regeneration (around neck)
 y - a +4 ring of evasion (right hand)
 C - a ring of positive energy
 O - a ring of flight
 Z - a ring of positive energy
Wands
 h - a wand of mindburst (20)
 A - a wand of digging (8)
 E - a wand of flame (24)
 F - a wand of charming (4)
 I - a wand of paralysis (9)
 J - a wand of iceblast (5)
 N - a wand of polymorph (5)
 P - a wand of acid (4)
Scrolls
 c - 3 scrolls of fear
 e - 3 scrolls of blinking
 f - 4 scrolls of teleportation
 i - 5 scrolls of fog
 k - 2 scrolls of enchant weapon
 o - a scroll of brand weapon
 z - 6 scrolls of magic mapping
 D - 4 scrolls of immolation
 G - 4 scrolls of enchant armour
 L - 2 scrolls of holy word
 X - a scroll of silence
Potions
 a - 3 potions of cancellation
 b - 5 potions of mutation
 d - 3 potions of might
 j - 6 potions of berserk rage
 m - 2 potions of resistance {unknown}
 n - 7 potions of curing
 p - 4 potions of flight {unknown}
 u - 6 potions of haste
 v - 5 potions of degeneration {unknown}
 w - 3 potions of invisibility {unknown}
 K - 5 potions of attraction {unknown}
 Q - 2 potions of lignification {unknown}
 S - a potion of magic {unknown}
Miscellaneous
 R - a box of beasts (inert)
 U - a lightning rod (4/4) (quivered)


   Skills:
 + Level 11.9 Fighting
 + Level 11.9 Long Blades
 + Level 10.7 Armour
 + Level 10.8 Dodging
 + Level 7.4 Invocations
 + Level 10.0 Evocations


You had 14 spell levels left.
You didn't know any spells.
Your spell library was empty.

Dungeon Overview and Level Annotations

Branches:
Dungeon (12/15)            Temple (0/1) D:6            Lair (6/6) D:9
 Shoals (0/4) Lair:4        Snake (0/4) Lair:4        Slime (0/5) Lair:6
    Orc (2/2) D:10            Elf (0/3) Orc:2         Sewer (visited)
Volcano (visited)

Altars:
Elyvilon
Gozag
Makhleb
Nemelex Xobeh
Okawaru
Uskayaw
Wu Jian
Yredelemnul
Zin
Beogh
Jiyva

Shops:
D:1 ?   D:5 :   Orc:1 *   Orc:2 *(=[

Annotations:
Lair:1 1 runed translucent door


Innate Abilities, Weirdness & Mutations

You have razor-sharp teeth.
Your natural rate of healing is unusually fast.
When hurt, damage is shared between your health and your magic reserves.
Your bite disrupts and absorbs the magic of your enemies.
Potions cannot restore your health.
You have large cloven feet.
You are very agile. (Dex +4)


Message History

The orc priest looks satisfied for a moment.
The orc warrior moves out of view.
Your skin crawls.
You feel strong-willed.
You feel sick.
The orc warlord roars a battlecry!
The orc goes into a battle-frenzy!
You hear a shout!
Unknown command.
Unknown command.
You closely miss the orc. You bite the orc.
You kill the orc!
Trog accepts your kill.
You feel sick. The bat completely misses you. The bat closely misses you.
The orc warlord roars a battlecry!
The orc misses you.
Unknown command.
Unknown command.
You barely miss the orc.
You feel sick.
A bat comes into view.
The bat closely misses you. The orc hits you with a +0 short sword.
* * * LOW HITPOINT WARNING * * *
The orc barely misses you.
The orc wizard hits you but does no damage.
The orc misses you. The orc hits you but does no damage. x2
You slice the orc like a ripe choko!!!
Your weapon exudes an aura of protection.
You kill the orc!
Trog accepts your kill.
You feel sick.
You are no longer poisoned.
The orc warlord roars a battlecry!
The orc barely misses you.
An orc comes into view. It is wielding a +0 club.
The orc hits you but does no damage.
The orc priest looks satisfied for a moment.
The orc hits you but does no damage. x2
The orc priest mumbles some strange prayers to Beogh against you.
Beogh smites you!
You die... #### ..o....##o@## o...#ooobooh##

.$.....bOooo.##
......oooo.o..#
....ooooo.o..##
.......oo....##
..>...o.ho....#
..$o...o.....##
.............#


You could see an orc warlord, 2 wargs, 6 orc warriors, an ogre, 5 orc priests,
an orc wizard (strong), 13 orcs and 2 bats.

Vanquished Creatures
  3 orc warlords (Orc:2)
  A dire elephant (Lair:6)
  A red draconian (Volcano)
  A fire dragon (Lair:6)
  4 boulder beetles
  7 hydras
  2 catoblepae (Lair:6)
  5 two-headed ogres
  13 death yaks
  Urug (Orc:2)
  Nergalle (Lair:2)
  Amaemon (D:8)
  Lodul (D:12)
  A fire crab (Lair:4)
  A salamander mystic (Volcano)
  A swamp dragon (Lair:6)
  Pikel (D:8)
  2 lindwurms (Lair:6)
  An obsidian statue (Volcano)
  2 deep elf pyromancers (D:12)
  3 orc knights (Orc:2)
  An ugly thing (D:8)
  3 salamanders (Volcano)
  6 orc sorcerers
  Joseph (D:7)
  20 elephants (Lair:6)
  9 black mambas
  2 torpor snails
  A kobold demonologist (D:12)
  16 cane toads
  6 rime drakes
  13 komodo dragons
  A polar bear (Lair:4)
  A hornet (D:7)
  4 trolls
  13 dream sheep
  9 blink frogs
  Sigmund (D:6)
  A shadow (D:10)
  A wraith (D:11)
  39 yaks
  4 wyverns
  7 basilisks
  7 fire bats
  2 steam dragons
  3 vampire mosquitoes (D:12)
  3 wargs (Orc:2)
  An acid dragon (Lair:6)
  2 swamp drakes (Lair:6)
  29 water moccasins
  6 black bears
  31 orc warriors
  An ice beast (D:6)
  2 sky beasts
  8 ogres
  8 centaurs
  20 wolves
  7 kobold brigands
  4 phantoms
  13 bullfrogs
  A gnoll sergeant (D:12)
  3 necrophages
  A scorpion (D:6)
  3 wights (D:8)
  23 killer bees
  4 howler monkeys
  3 hounds
  5 lava snakes (Volcano)
  A gnoll shaman (D:8)
  15 orc priests
  10 iguanas
  2 jellies
  Terence (D:3)
  19 orc wizards
  14 gnolls
  11 adders
  A white imp (D:6)
  An ufetubus (D:6)
  2 dart slugs (D:2)
  2 worms
  66 orcs
  8 endoplasms
  3 giant cockroaches
  8 goblins
  A hobgoblin (D:1)
  6 jackals (D:5)
  2 quokkas
  7 ball pythons
  7 bats
  5 frilled lizards
  18 kobolds
  5 rats
  A fire vortex (Lair:4)
618 creatures vanquished.

Vanquished Creatures (collateral kills)
  A hydra (Lair:4)
  An orc high priest (Orc:2)
  An orc warrior (Orc:2)
  An orc priest (Orc:2)
  An orc wizard (Orc:2)
5 creatures vanquished.

Vanquished Creatures (others)
  An orc priest (Orc:1)
  An orc (Orc:2)
  A bush (D:9)
  37 fungi
  56 plants
  4 toadstools (Lair:1)
100 creatures vanquished.

Grand Total: 723 creatures vanquished

Notes
Turn   | Place    | Note
-------+----------+-------------------------------------------
     0 | D:1      | siradein the Vine Stalker Berserker began the quest for the
                  | Orb.
     0 | D:1      | Reached XP level 1. HP: 11/11 MP: 2/2
   414 | D:1      | Reached XP level 2. HP: 15/16 MP: 3/3
   584 | D:1      | Found a faded altar of an unknown god.
  1248 | D:1      | Found Qeisowia's Magic Scroll Shoppe.
  1252 | D:1      | Bought a scroll of noise for 12 gold pieces
  1252 | D:1      | Bought a scroll of identify for 24 gold pieces
  1258 | D:1      | Identified a scroll of acquirement
  1259 | D:1      | Gained mutation: You are agile. (Dex +2) [potion of
                  | mutation]
  1259 | D:1      | Gained mutation: You have large cloven feet. [potion of
                  | mutation]
  1259 | D:1      | Gained mutation: You are very agile. (Dex +4) [potion of
                  | mutation]
  1709 | D:2      | Reached XP level 3. HP: 2/20 MP: 1/4
  2383 | D:2      | Reached ** piety under Trog
  2698 | D:3      | Found a glowing drain.
  2714 | Sewer    | Entered a sewer
  2734 | Sewer    | Noticed a kobold brigand
  2745 | Sewer    | Killed a kobold brigand
  2746 | Sewer    | Gained mutation: Your natural rate of healing is unusually
                  | fast. [Vine Stalker growth]
  2746 | Sewer    | Reached XP level 4. HP: 24/24 MP: 3/5
  2746 | Sewer    | Reached XP level 5. HP: 28/28 MP: 3/6
  2839 | Sewer    | Noticed a kobold brigand
  2839 | Sewer    | Noticed a kobold brigand
  2843 | Sewer    | Killed a kobold brigand
  2845 | Sewer    | Killed a kobold brigand
  2846 | Sewer    | Reached XP level 6. HP: 22/33 MP: 4/7
  3551 | D:3      | Noticed Terence
  3565 | D:3      | Killed Terence
  3589 | D:3      | Found a glowing silver altar of Zin.
  4083 | D:4      | Reached XP level 7. HP: 37/37 MP: 8/8
  4141 | D:4      | Identified the +3 robe of Moral Flaws {*Corrode Will+ MP+9}
  4408 | D:4      | Reached *** piety under Trog
  4711 | D:5      | Entered Level 5 of the Dungeon
  4711 | D:5      | Noticed a troll
  4821 | D:3      | Found a basalt altar of Yredelemnul.
  4821 | D:3      | Found a burning altar of Makhleb.
  4894 | D:5      | Gained mutation: You have razor-sharp teeth. [Vine Stalker
                  | growth]
  4894 | D:5      | Reached XP level 8. HP: 42/42 MP: 9/9
  4921 | D:5      | Reached skill level 5 in Fighting
  4921 | D:5      | Reached skill level 5 in Long Blades
  5211 | D:5      | Found an ornate altar of the Wu Jian Council.
  5433 | D:5      | Found Ritac's Book Emporium.
  5717 | D:4      | Killed a troll
  5718 | D:4      | Reached XP level 9. HP: 48/48 MP: 10/10
  5976 | D:6      | Reached skill level 5 in Dodging
  6013 | D:6      | Reached skill level 5 in Armour
  6172 | D:6      | Noticed Sigmund
  6197 | D:6      | Killed Sigmund
  6197 | D:6      | Reached **** piety under Trog
  6364 | D:6      | Found a staircase to the Ecumenical Temple.
  6517 | D:6      | Found a white marble altar of Elyvilon.
  6858 | D:7      | Noticed Joseph
  6864 | D:7      | Killed Joseph
  6865 | D:7      | Reached skill level 1 in Evocations
  7090 | D:7      | Noticed a hornet
  7101 | D:7      | Killed a hornet
  7156 | D:7      | Reached XP level 10. HP: 53/53 MP: 11/11
  7610 | D:8      | Noticed a purple ugly thing
  7622 | D:8      | Killed a purple ugly thing
  7851 | D:8      | Noticed Pikel
  7874 | D:8      | Killed Pikel
  8018 | D:8      | Found a sparkling altar of Nemelex Xobeh.
  8047 | D:8      | Noticed an orange demon
  8049 | D:8      | Noticed Amaemon
  8141 | D:8      | Killed Amaemon
  8342 | D:8      | Found an iron altar of Okawaru.
  8410 | D:9      | Found a staircase to the Lair.
  8793 | D:9      | Reached XP level 11. HP: 56/60 MP: 12/12
  9018 | D:9      | Found an opulent altar of Gozag.
  9333 | D:10     | Entered Level 10 of the Dungeon
  9348 | D:10     | Found a hide-covered altar of Uskayaw.
  9560 | D:10     | Found a staircase to the Orcish Mines.
  9692 | D:10     | Noticed a boulder beetle
  9715 | D:10     | Killed a boulder beetle
  9760 | D:10     | Reached ***** piety under Trog
 10132 | D:11     | Found an iron altar of Okawaru.
 10138 | D:11     | Noticed a two-headed ogre
 10151 | D:11     | Killed a two-headed ogre
 10289 | D:11     | Noticed a seven-headed hydra
 10295 | D:11     | Killed a seven-headed hydra
 10335 | D:11     | Noticed a five-headed hydra
 10363 | D:11     | Killed a five-headed hydra
 10364 | D:11     | Reached skill level 5 in Evocations
 10646 | D:11     | Noticed a two-headed ogre
 10665 | D:11     | Killed a two-headed ogre
 11070 | Lair:1   | Entered Level 1 of the Lair of Beasts
 11313 | Lair:1   | Reached XP level 12. HP: 25/65 MP: 9/13
 12289 | Lair:1   | Noticed a catoblepas
 12300 | Lair:1   | Noticed a catoblepas
 12309 | Lair:1   | Found a runed translucent door.
 12864 | Lair:2   | Acquired 1051 gold pieces
 12962 | Lair:2   | Noticed Sonja
 12964 | Lair:2   | Noticed Sonja
 12964 | Lair:2   | Sonja changed into Sonja the basilisk
 12984 | Lair:2   | Killed Sonja the basilisk
 13045 | Lair:2   | Noticed Nergalle
 13068 | Lair:2   | Killed Nergalle
 13842 | Lair:3   | Noticed a six-headed hydra
 13854 | Lair:3   | Killed a six-headed hydra
 14653 | Lair:4   | Reached XP level 13. HP: 53/71 MP: 9/14
 14844 | Lair:4   | Reached skill level 1 in Invocations
 14910 | Lair:4   | Found a staircase to the Shoals.
 14917 | Lair:4   | Identified the +8 great sword "Geasaat" {vorpal, Dex+4}
                  | (Trog gifted it to you on level 4 of the Lair of Beasts)
 14917 | Lair:4   | Received a gift from Trog
 15055 | Lair:4   | Reached skill level 10 in Long Blades
 15063 | Lair:4   | Found a staircase to the Snake Pit.
 15077 | Lair:4   | Reached skill level 10 in Fighting
 16531 | Lair:6   | Entered Level 6 of the Lair of Beasts
 16736 | Lair:6   | Reached XP level 14. HP: 64/77 MP: 14/18
 16770 | Lair:6   | Found a dark tunnel.
 16778 | Volcano  | Entered a volcano
 16869 | Volcano  | Received a gift from Trog
 16939 | Volcano  | Noticed a red draconian
 16958 | Volcano  | Killed a red draconian
 17000 | Volcano  | Found a bloodstained altar of Trog.
 17153 | Volcano  | Identified the +4 war axe of the Bear {speed, *Noise rElec
                  | rN+ Dex+2}
 17388 | Lair:6   | Reached skill level 5 in Invocations
 17570 | Lair:6   | Found a viscous altar of Jiyva.
 17570 | Lair:6   | Found a staircase to the Slime Pits.
 17671 | Lair:6   | Noticed a dire elephant
 17686 | Lair:6   | Killed a dire elephant
 17700 | Lair:6   | Reached skill level 10 in Dodging
 17940 | Lair:6   | Reached skill level 10 in Armour
 18431 | Lair:6   | Received a gift from Trog
 18432 | Lair:6   | Reached XP level 15. HP: 72/83 MP: 20/20
 19443 | D:12     | Noticed Lodul
 19730 | D:11     | Found an iron altar of Okawaru.
 20055 | D:12     | Killed Lodul
 20791 | D:12     | Reached ****** piety under Trog
 20889 | Orc:1    | Entered Level 1 of the Orcish Mines
 21023 | Orc:1    | Found Ysealanu's CLEARANCE SALE!.
 21030 | Orc:1    | Bought a wand of paralysis (4) for 18 gold pieces
 21296 | Orc:2    | Entered Level 2 of the Orcish Mines
 21518 | Orc:2    | Noticed an orc warlord
 21554 | Orc:2    | Received a gift from Trog
 21562 | Orc:2    | Killed an orc warlord
 21724 | Orc:2    | Found a staircase to the Elven Halls.
 21829 | Orc:2    | Noticed Urug
 21868 | Orc:2    | Killed Urug
 22314 | Orc:2    | Noticed an orc warlord
 22321 | Orc:2    | Received a gift from Trog
 22350 | Orc:2    | Killed an orc warlord
 22412 | Orc:2    | Found Unurgher's Antique Weapon Emporium.
 22455 | Orc:2    | Found Fanoz's Antique Armour Emporium.
 22460 | Orc:2    | Found Goilyak's Jewellery Emporium.
 22481 | Orc:2    | Bought an amulet of magic regeneration for 420 gold pieces
 22530 | Orc:2    | Found Muwne's General Store.
 22537 | Orc:2    | Bought a scroll of enchant armour for 82 gold pieces
 22552 | Orc:2    | Noticed an orc warlord
 22582 | Orc:2    | Reached skill level 10 in Evocations
 22593 | Orc:2    | Killed an orc warlord
 22616 | Orc:1    | Noticed an orc warlord
 22617 | Orc:1    | HP: 1/84 [orc priest/divine providence (5)]
 22621 | Orc:1    | Killed from afar by an orc priest

Illustrated notes

Levels and vault maps discovered:
D:1:      dpeg_arrival_rooms_with_view, layout_loops_corners,
          nicolae_ecumenical_snake_handling, serial_shops, nicolae_shop_crystal,
          minmay_box_of_dots
D:2:      layout_basic, kennysheep_cross_room
D:3:      layout_basic, zin_scriptorium, nicolae_overflow_hidden_temple,
          cheibrodos_sewer_entry_drain, glass_columns_a, uniq_terence
D:4:      layout_basic, minmay_misc_feat_secret_circle, chequers_garden
D:5:      layout_gridville, mainiacjoe_overflow_paths, serial_shops,
          nicolae_shop_behind_doors
D:6:      cheibrodos_helix_gallery, layout_layer_cave, elyvilon_altar_4,
          minmay_temple_entry_nine_rooms, hex_medium, uniq_sigmund
D:7:      layout_basic, uniq_joseph, uniq_duvessa
D:8:      layout_loops_cross, kennysheep_mini, lemuel_tele_altar,
          kennysheep_generic_room_14, uniq_amaemon, uniq_pikel
D:9:      layout_irregular_city, mainiacjoe_overflow_alcove_1, lair_entry_dummy,
          kb_lookout_dungeons_type
D:10:     layout_small_grid, mainiacjoe_overflow_24_doors, orc_0_dummy,
          chequers_serial_rivers_small_3, minmay_misc_feat_doors
D:11:     layout_cross, okawaru_trees_2
D:12:     layout_irregular_city, uniq_lodul
Lair:1:   gammafunk_lair_enchanted_lake, layout_layer_cave, serial_rivers,
          chequers_serial_rivers_large_b, chequers_serial_rivers_room_b,
          chequers_serial_rivers_small_3, chequers_serial_rivers_micro_e,
          chequers_serial_rivers_marsh, lemuel_fruit_tree, grunt_megastairs_2
Lair:2:   layout_regular_city, uniq_nergalle, uniq_sonja
Lair:3:   layout_loops_ring, lemuel_fruit_fields, infiniplex_staircase_pool,
          lemuel_fruit_fields, serial_bayou_shore_b, serial_bayou_shore_b
Lair:4:   layout_gridlike, minmay_shoals_entry_centaurs,
          minmay_snake_entry_six_corridors, grunt_megastairs_1
Lair:5:   layout_regular_city
Lair:6:   guppyfry_lair_end_dragon, layout_regular_city,
          hangedman_lair_in_review, dpeg_slime_entry_enclosed_altar,
          nicolae_volcano_entry_s_turn, chequers_serial_rivers_micro_e,
          infiniplex_staircase_pool_2
Orc:1:    layout_caves, basic_altar, roderic_batcave, nicolae_shop_clearance
Orc:2:    grunt_orc_cross, layout_caves, dreamdust_deal_with_the_devil

Skill      XL: |  1  2  3  4  5  6  7  8  9 10 11 12 13 14 15 |
---------------+----------------------------------------------+-----
Dodging        | 2 3 4 5 6 7 8 9 10 | 10.8
Fighting       | 3 4 5 6 7 8 9 10 11 | 11.9
Long Blades    | 3 4 5 6 7 8 9 10 11 | 11.9
Armour         | 2 3 4 5 6 7 8 9 10 | 10.7
Evocations     | 1 3 5 7 8 9 10 | 10.0
Invocations    | 4 6 7 |  7.4

Action                   |  1- 3 |  4- 6 |  7- 9 | 10-12 | 13-15 || total
-------------------------+-------+-------+-------+-------+-------++-------
Melee: Falchion          |    95 |    74 |   105 |       |       ||   274
       Bite              |    26 |    28 |    77 |   238 |   326 ||   695
       Kick              |     8 |    22 |    90 |   142 |       ||   262
       Punch             |       |       |     4 |     7 |     1 ||    12
       Rapier            |       |       |   152 |   384 |    15 ||   551
       Dagger            |       |       |       |    88 |     6 ||    94
       Scimitar          |       |       |       |   164 |    59 ||   223
       Great sword       |       |       |       |       |   719 ||   719
       Triple sword      |       |       |       |       |    60 ||    60
Throw: Dart              |       |     1 |     4 |     5 |       ||    10
Invok: Berserk           |     1 |     2 |     3 |     7 |     9 ||    22
       Trog's Hand       |       |       |     1 |     1 |     7 ||     9
       Brothers in Arms  |       |       |       |       |     2 ||     2
Evoke: Wand              |       |       |     1 |     1 |     3 ||     5
       Lightning rod     |       |       |       |       |     9 ||     9
       Box of beasts     |       |       |       |       |     3 ||     3
  Use: Scroll            |     4 |     2 |     3 |     5 |    17 ||    31
       Potion            |     1 |       |       |       |     4 ||     5
Armor: Animal skin       |    12 |       |       |       |       ||    12
       Ring mail         |     6 |    20 |       |       |       ||    26
       Chain mail        |       |     4 |   129 |   329 |   366 ||   828
       Plate armour      |       |       |       |       |    63 ||    63
Dodge: Dodged            |    56 |    51 |   213 |   595 |  1076 ||  1991

Table legend: (Time is in decaauts)
 A = Elapsed time spent in this place.
 B = Non-inter-level travel time spent in this place.
 C = Inter-level travel time spent in this place.
 D = Time resting spent in this place.
 E = Time spent auto-exploring this place.
 F = Levels seen in this place.
 G = Mean time per level.
                   A        B        C        D        E       F      G
               +--------+--------+--------+--------+--------+-----+--------+
         Total |  23138 |  22208 |    930 |   1854 |  14741 |  22 | 1051.7 |
       Dungeon |  12524 |  11922 |    602 |    714 |   8666 |  12 | 1043.7 |
          Lair |   7996 |   7704 |    292 |    608 |   5143 |   6 | 1332.7 |
  Orcish Mines |   1792 |   1756 |     36 |    328 |    666 |   2 |  896.0 |
         Sewer |    381 |    381 |      0 |     98 |    128 |   1 |  381.0 |
       Volcano |    442 |    442 |      0 |    106 |    137 |   1 |  442.0 |
               +--------+--------+--------+--------+--------+-----+--------+

Top non-repeatable levels by time:
  Lair:6: 2450 daAuts
  Lair:1: 1865 daAuts
    D:11: 1515 daAuts
     D:1: 1477 daAuts
   Orc:2: 1258 daAuts
     D:2: 1219 daAuts
     D:3: 1148 daAuts
     D:9: 1140 daAuts
     D:6: 1108 daAuts
  Lair:4: 1051 daAuts
  Lair:3: 971 daAuts
     D:8: 920 daAuts
     D:4: 916 daAuts
    D:10: 871 daAuts
     D:5: 858 daAuts
